 Dungeon Crawl Stone Soup version 0.23.2-1-ga50397a (webtiles) character file.

Game seed: 15779963625045155484

818 dengdeng the Poker (level 7, -15/94 HPs)
             Began as a Minotaur Berserker on Apr 29, 2019.
             Was a Priest of Trog.
             Demolished by an orc warrior
             ... wielding a +0 glaive
              (19 damage)
             ... on level 6 of the Dungeon.
             The game lasted 00:14:43 (4277 turns).

dengdeng the Poker (Minotaur Berserker)             Turns: 4277, Time: 00:14:44

Health: -15/94     AC:  9    Str: 29    XL:     7   Next: 62%
Magic:  6/6        EV:  9    Int:  4    God:    Trog [***...]
Gold:   317        SH:  0    Dex:  9    Spells: 6/6 levels left

rFire    . . .     SeeInvis .   k - +2 spear (vamp)
rCold    . . .     Gourm    .   (no shield)
rNeg     . . .     Faith    .   h - +0 chain mail
rPois    .         Spirit   .   (helmet restricted)
rElec    .         Reflect  .   (no cloak)
rCorr    .         Harm     .   (no gloves)
MR       .....                  (no boots)
Stlth    ..........             (no amulet)
HPRegen  0.25/turn              (no ring)
MPRegen  0.10/turn              (no ring)

@: berserking, very quick
A: retaliatory headbutt, horns 2
a: Berserk, Trog's Hand, Renounce Religion


You were on level 6 of the Dungeon.
You worshipped Trog.
Trog was most pleased with you.
You were near starving.

You visited 1 branch of the dungeon, and saw 6 of its levels.

You collected 317 gold pieces.

Inventory:

Hand Weapons
 a - a +0 hand axe
 k - a +2 vampiric spear (weapon)
Missiles
 f - 162 stones (quivered)
 s - 3 tomahawks
Armour
 h - a +0 chain mail (worn)
Jewellery
 u - an uncursed ring of protection from fire {unknown}
Scrolls
 b - 6 scrolls of fear {unknown}
 e - 6 scrolls of identify {unknown}
 i - 4 scrolls of enchant armour {unknown}
 j - 6 scrolls of teleportation {unknown}
 l - a scroll of fog {unknown}
 n - 3 scrolls of blinking {unknown}
 o - 2 scrolls of enchant weapon {unknown}
 p - a scroll of immolation {unknown}
 q - 2 scrolls of remove curse {unknown}
 v - a scroll of amnesia {unknown}
 w - a scroll of noise {unknown}
Potions
 d - 3 potions of heal wounds
 m - 2 potions of haste {unknown}
 r - 2 potions of degeneration {unknown}
 t - a potion of flight {unknown}
 x - 2 potions of agility {unknown}
Comestibles
 c - 15 rations


   Skills:
 + Level 6.0 Fighting
 + Level 5.1(6.6) Axes
 + Level 6.4(7.3) Polearms
 + Level 5.0 Armour
 + Level 2.6 Dodging
 + Level 0.6 Stealth


You had 6 spell levels left.
You didn't know any spells.
Your spell library was empty.

Dungeon Overview and Level Annotations

Branches:
Dungeon (6/15)             Temple (0/1) D:4

Altars:
Dithmenos
Gozag
Hepliaklqana
Makhleb
Xom


Innate Abilities, Weirdness & Mutations

You reflexively headbutt those who attack you in melee.
You have a pair of horns on your head.


Message History

Trog accepts your kill.
Your Fighting skill increases to level 6!
You feel a strong urge to attack something.
The orc warrior hits you with a +0 glaive!
* * * LOW HITPOINT WARNING * * *
Things that are here:
a +0 dagger; an orc corpse You hit the orc warrior but do no damage.
Your headbutt misses the orc warrior. You completely miss the orc warrior.
Your headbutt misses the orc warrior.
You are near starving!
Unknown command.
You closely miss the orc warrior.
The orc warrior hits you with a +0 glaive!
* * * LOW HITPOINT WARNING * * *
You closely miss the orc warrior. You puncture the orc warrior!
Your headbutt misses the orc warrior.
The orc warrior is moderately wounded.
The orc warrior hits you with a +0 glaive!!
You die...

...###.#..#.....#
........#.......#
#######...#......
#.........#
#.......$.#
+....######
#.#.## #####..)#
.......@#
#######o#


.oo ..... ....... ......... '.........+ ...........# You could see an orc
warrior, an orc priest and an orc.

Vanquished Creatures
  2 ogres
  A wyvern skeleton (D:4)
  3 scorpions
  2 crimson imps
  2 orc priests
  Terence (D:3)
  An iguana (D:4)
  An orc wizard (D:6)
  2 worker ants
  5 adders
  4 gnolls
  An ooze (D:2)
  4 leopard geckos
  14 orcs
  3 ball pythons
  3 giant cockroaches
  16 goblins
  15 hobgoblins
  5 jackals
  4 quokkas
  7 bats
  8 frilled lizards
  A jackal skeleton (D:5)
  4 kobolds
  4 rats
113 creatures vanquished.

Notes
Turn   | Place    | Note
-------+----------+-------------------------------------------
     0 | D:1      | dengdeng the Minotaur Berserker began the quest for the
                  | Orb.
     0 | D:1      | Reached XP level 1. HP: 19/19 MP: 0/0
   193 | D:1      | Reached XP level 2. HP: 26/27 MP: 1/1
   301 | D:1      | Found a shimmering altar of Xom.
   585 | D:1      | Reached XP level 3. HP: 33/33 MP: 2/2
   771 | D:2      | Reached ** piety under Trog
  1046 | D:2      | Reached XP level 4. HP: 40/40 MP: 3/3
  1294 | D:2      | Reached skill level 5 in Axes
  1622 | D:3      | Found a hazy altar of Hepliaklqana.
  1683 | D:3      | Reached skill level 1 in Polearms
  1948 | D:3      | Reached XP level 5. HP: 47/47 MP: 4/4
  1958 | D:3      | Reached *** piety under Trog
  2083 | D:3      | Noticed an ogre
  2084 | D:3      | Noticed Terence
  2097 | D:3      | Killed an ogre
  2104 | D:3      | Killed Terence
  2104 | D:3      | Reached skill level 5 in Fighting
  2339 | D:3      | Reached XP level 6. HP: 56/56 MP: 5/5
  2459 | D:3      | Found a shimmering altar of Xom.
  2461 | D:3      | Found a burning altar of Makhleb.
  2776 | D:4      | Found a staircase to the Ecumenical Temple.
  3115 | D:4      | Found an opulent altar of Gozag.
  3125 | D:4      | Reached XP level 7. HP: 62/62 MP: 6/6
  3266 | D:5      | Entered Level 5 of the Dungeon
  3343 | D:5      | Found a shadowy altar of Dithmenos.
  3380 | D:5      | Reached skill level 5 in Polearms
  3648 | D:5      | Reached skill level 5 in Armour
  4129 | D:5      | Found an opulent altar of Gozag.
  4129 | D:5      | Found a shadowy altar of Dithmenos.
  4275 | D:6      | HP: 3/94 [orc warrior/+0 glaive (12)]
  4277 | D:6      | Demolished by an orc warrior

Skill      XL: |  1  2  3  4  5  6  7 |
---------------+----------------------+-----
Axes           | 4 5 |  5.1
Fighting       | 4 5 6 |  6.0
Armour         | 3 4 5 |  5.0
Polearms       | 1 2 4 6 |  6.4
Dodging        | |  2.6
Stealth        | |  0.6

Action                   |  1- 3 |  4- 6 |  7- 9 || total
-------------------------+-------+-------+-------++-------
Melee: Hand axe          |    51 |       |       ||    51
       Headbutt          |    12 |    23 |    10 ||    45
       Spear             |    43 |   159 |    71 ||   273
Invok: Berserk           |       |     1 |     1 ||     2
  Eat: Chunk             |     2 |     7 |     3 ||    12
       Ration            |     1 |       |       ||     1
Armor: Chain mail        |    49 |    53 |    27 ||   129
       Animal skin       |     2 |       |       ||     2
Dodge: Dodged            |    40 |    61 |    22 ||   123
